 Dungeon Crawl Stone Soup version 0.17-a0-1-g1f4be75 (console) character file.

19012 utis the Fighter (level 12, 10/140 HPs)
             Began as an Ogre Hunter on Mar 13, 2015.
             Was a High Priest of Makhleb.
             Quit the game on level 2 of the Lair of Beasts.
             The game lasted 00:52:01 (18553 turns).

utis the Fighter (Ogre Hunter)                     Turns: 18553, Time: 00:52:01

Health: 10/140     AC: 10    Str: 20    XL:     12   Next: 64%
Magic:  25/25      EV: 16    Int:  8    God:    Makhleb [*****.]
Gold:   579        SH:  0    Dex: 22    Spells: 0 memorised, 11 levels left

rFire  . . .     SeeInvis .     a - +0 giant spiked club
rCold  . . .     Clarity  .     N - +2 robe of the Stars {Int-2 Dex+8}
rNeg   . . .     SustAb   .     (shield restricted)
rPois  .         Gourm    .     (helmet restricted)
rElec  .         Spirit   .     S - +1 cloak
rCorr  .         Warding  .     (gloves unavailable)
rMut   .         Stasis   .     (boots unavailable)
MR     ++...                    r - amulet of faith {!P}
Stlth  ++........               s - +3 ring of protection
                                P - ring of protection from magic

@: mildly poisoned (10 -> 10), very resistant to hostile enchantments,
unstealthy
A: unfitting armour, tough skin 1
a: Minor Destruction, Lesser Servant of Makhleb, Major Destruction, Greater
Servant of Makhleb, Renounce Religion


You were on level 2 of the Lair of Beasts.
You worshipped Makhleb.
Makhleb was extremely pleased with you.
You were hungry.

You visited 3 branches of the dungeon, and saw 14 of its levels.
You also visited: Labyrinth.

You collected 579 gold pieces.

Inventory:

Hand weapons
 a - a +0 giant spiked club (weapon)
 c - a +0 blowgun
 d - the +9 great mace "Hell-Harrower" {freeze, Str+4}
   (You acquired it on level 1 of the Lair of Beasts)

   It has been specially enchanted to freeze those struck by it, causing extra
   injury to most foes and up to half again as much damage against particularly
   susceptible opponents.
   It can also slow down cold-blooded creatures.
   It affects your strength (+4).
 y - the +3 dagger of Evaph {pain, rN+ Int+2, unknown}
   (You found it on level 1 of the Lair of Beasts)

   In the hands of one skilled in necromantic magic, it inflicts extra damage on
   living creatures.
   It affects your intelligence (+2).
   It protects you from negative energy.
Missiles
 e - 192 stones (quivered)
 j - 76 poisoned needles
 w - 10 large rocks
 A - 7 javelins
 B - 4 throwing nets {=f}
 I - 54 sling bullets
 L - 7 curare-tipped needles {=f}
 R - 8 tomahawks
Armour
 N - the +2 robe of the Stars (worn) {Int-2 Dex+8}
   (You found it on level 5 of the Dungeon)

   It affects your intelligence (-2).
   It affects your dexterity (+8).
 S - a +1 cloak (worn)
Rods
 T - a +5 rod of ignition (12/12) {!a}
   (You found it in a labyrinth)
Jewellery
 i - an uncursed ring of stealth
 l - an uncursed ring of positive energy
 r - an amulet of faith (around neck) {!P}
 s - a +3 ring of protection (right hand)
 C - an uncursed ring of wizardry
 P - a ring of protection from magic (left hand)
Magical devices
 m - a wand of slowing (26)
 n - a wand of disintegration (23)
 o - a wand of polymorph (10)
 E - a wand of draining (4)
Scrolls
 b - 2 scrolls of identify
 g - a scroll of enchant armour
 p - a scroll of fog
 u - a scroll of recharging
 D - 2 scrolls of amnesia
 H - 3 scrolls of remove curse
 Q - a scroll of magic mapping
Potions
 h - 2 potions of invisibility
 k - 2 potions of brilliance
 q - a potion of magic
 t - 4 potions of heal wounds
 x - 2 potions of might
 z - a potion of resistance {unknown}
 F - 5 potions of curing
 G - a potion of degeneration {unknown}
 V - a potion of berserk rage {unknown}
 W - a potion of agility {unknown}
Comestibles
 f - 4 meat rations
 v - 4 beef jerkies
 J - 6 chunks of flesh
 K - 5 bread rations
 O - a slice of pizza


   Skills:
 - Level 14.4 Fighting
 - Level 14.0 Maces & Flails
 - Level 7.1 Throwing
 + Level 7.3 Dodging
 - Level 0.7 Stealth
 - Level 10.0 Invocations


You had 11 spell levels left.
You didn't know any spells.

Dungeon Overview and Level Annotations

Branches:
Dungeon (11/15)            Temple (1/1) D:5            Lair (2/8) D:10
    Orc: D:9-12

Altars:
Ashenzari
Cheibriados
Dithmenos
Elyvilon
Fedhas
Gozag
Kikubaaqudgha
Makhleb
Nemelex Xobeh
Okawaru
Qazlal
Ru
Sif Muna
Trog
Vehumet
Xom
Yredelemnul
Zin
The Shining One

Shops:
D:6 (


Innate Abilities, Weirdness & Mutations

You are too large for most types of armour.
You have tough skin (AC +1).


Message History

You feel a little better. The seven-headed hydra bites you.
* * * LOW HITPOINT WARNING * * *
The seven-headed hydra bites you but does no damage.
The seven-headed hydra completely misses you.
The seven-headed hydra bites you.
* * * LOW HITPOINT WARNING * * *
The seven-headed hydra bites you!
* * * LOW HITPOINT WARNING * * *
The seven-headed hydra bites you!
* * * LOW HITPOINT WARNING * * *
The seven-headed hydra barely misses you.
The giant frog barely misses you.
Unknown command.
Read which item? (? for menu, Esc to quit)
Okay, then.
Unknown command.
Assign waypoint to what number? (0-9)
Okay, then.
Unknown command.
Are you sure you want to abandon this character and quit the game? (Confirm with "yes".)

▓ ▓5▓▓ .. ▓.▓
▓3▓▓ ▓▓5.▓ ▓..▓▓
▓55▓ ▓35▓
.▓.▓▓.▓▓D▓▓▓▓▓▓!⚶
........OF....F..
............F....
...............
...............
...............
.....<.......
..▓..⚵..▓..
▓▓▓▓▓.▓▓▓ ▓


You could see a seven-headed hydra, 2 blink frogs, a ynoxinul, a giant frog, 3
ufetubi, a friendly ynoxinul and 2 friendly iron imps.

Vanquished Creatures
  A minotaur (Lab)
  A hydra (Lair:2)
  A centaur warrior (D:9)
  Pikel (D:6)
  A cyclops (D:7)
  An ugly thing (D:11)
  A black mamba (Lair:2)
  A spiny frog (Lair:1)
  2 trolls
  5 komodo dragons
  Grinder (D:3)
  2 two-headed ogres (D:10)
  A blink frog (Lair:1)
  A basilisk (Lab)
  A minotaur skeleton (Lab)
  2 shadows (Lab)
  Eustachio (D:4)
  19 yaks
  A deep elf mage (D:10)
  2 deep elf fighters
  3 hippogriffs
  3 water moccasins (Lair:1)
  4 ice beasts
  4 porcupines
  4 orc warriors (D:9)
  6 ogres
  A slave (D:6)
  2 necrophages
  A phantom (D:7)
  3 centaurs
  5 sky beasts
  3 black bears
  A big kobold (D:11)
  5 crocodiles
  An eye of draining (D:10)
  4 gnoll sergeants
  Blork the orc (D:5)
  9 giant frogs
  7 killer bees (D:9)
  3 scorpions
  6 jellies
  2 wights (D:9)
  A centaur zombie (D:10)
  3 crimson imps
  A goliath beetle (D:6)
  7 hounds
  The ghost of ZiggyStardust the Magician, a weakling SpIE (D:3)
  Crazy Yiuf (D:6)
  A centaur skeleton (D:5)
  5 orc priests (D:9)
  6 orc wizards
  12 worker ants
  A giant frog skeleton (D:10)
  Natasha (thrice) (D:6)
  2 iguanas
  A killer bee zombie (D:9)
  4 worker ant zombies
  11 gnolls
  9 adders
  12 river rats
  A shadow imp (D:5)
  A worm (D:4)
  3 giant mites
  An adder skeleton (D:5)
  2 oozes
  30 orcs
  17 bats
  A bat skeleton (D:6)
  A bat zombie (D:7)
  13 hobgoblins
  14 kobolds
  6 quokkas
  5 ball pythons
  5 giant cockroaches
  6 giant geckos
  7 giant newts
  13 goblins
  21 jackals
  27 rats
379 creatures vanquished.

Vanquished Creatures (collateral kills)
  Fannar (Lair:1)
  Harold (Lair:1)
  A hydra (Lair:2)
  An orange demon (Lair:2)
  An ice beast (Lair:1)
  3 river rats (Lair:2)
8 creatures vanquished.

Vanquished Creatures (others)
  2 smoke demons (Lair:2)
  2 orange demons (Lair:2)
  A ynoxinul (Lair:2)
  2 scorpions (D:5)
  A hound (D:6)
  A worker ant (D:5)
  An ufetubus (Lair:2)
  3 bats
  A goblin (D:5)
  A hobgoblin (D:5)
  2 ball pythons (D:5)
  A giant gecko (D:5)
  A kobold (D:6)
  A plant (D:10)
20 creatures vanquished.

Grand Total: 407 creatures vanquished

Notes
Turn   | Place    | Note
--------------------------------------------------------------
     0 | D:1      | utis, the Ogre Hunter, began the quest for the Orb.
     0 | D:1      | Reached XP level 1. HP: 22/22 MP: 1/1
   255 | D:1      | Reached XP level 2. HP: 31/31 MP: 2/2
   685 | D:1      | Reached skill level 1 in Maces & Flails
  1429 | D:2      | Reached XP level 3. HP: 21/37 MP: 3/3
  1843 | D:2      | Found a blossoming altar of Fedhas.
  1846 | D:2      | Found a shattered altar of Ashenzari.
  1905 | D:2      | Found a sacrificial altar of Ru.
  2094 | D:2      | Found a basalt altar of Yredelemnul.
  2095 | D:2      | Noticed a profane servitor
  2099 | D:2      | Found a glowing golden altar of the Shining One.
  2100 | D:2      | Noticed an angel
  2546 | D:3      | Found a deep blue altar of Sif Muna.
  2732 | D:3      | Reached XP level 4. HP: 48/48 MP: 4/4
  2760 | D:3      | Noticed an ice beast
  2779 | D:3      | Killed an ice beast
  2779 | D:3      | Reached skill level 5 in Fighting
  2779 | D:3      | Reached XP level 5. HP: 54/57 MP: 5/5
  2798 | D:3      | Noticed Grinder
  2801 | D:3      | Killed Grinder
  2801 | D:3      | Reached skill level 6 in Fighting
  2801 | D:3      | Reached skill level 5 in Maces & Flails
  2801 | D:3      | Reached XP level 6. HP: 51/68 MP: 6/6
  2964 | D:3      | Noticed ZiggyStardust's ghost (weakling SpIE)
  2974 | D:3      | Killed ZiggyStardust's ghost
  3782 | D:3      | Reached skill level 7 in Fighting
  3782 | D:3      | Reached XP level 7. HP: 23/78 MP: 7/7
  4406 | D:4      | Reached skill level 8 in Fighting
  4962 | D:5      | Entered Level 5 of the Dungeon
  4969 | D:5      | Noticed Blork the orc
  4977 | D:5      | Killed Blork the orc
  5127 | D:5      | Reached XP level 8. HP: 89/89 MP: 8/8
  5164 | D:5      | Found a shimmering altar of Xom.
  5209 | D:5      | Got an ancient robe
  5294 | D:5      | Identified the +2 robe of the Stars {Int-2 Dex+8} (You found it on level 5 of the Dungeon)
  5403 | D:5      | Found a staircase to the Ecumenical Temple.
  5469 | Temple   | Entered the Ecumenical Temple
  5689 | Temple   | Became a worshipper of Makhleb the Destroyer
  5891 | D:5      | Reached skill level 9 in Fighting
  6598 | D:6      | Noticed Pikel
  6622 | D:6      | Noticed Natasha
  6681 | D:6      | Noticed Eustachio
  7120 | D:4      | Killed Eustachio
  7139 | D:5      | Acquired Makhleb's first power
  7290 | D:6      | Reached skill level 10 in Fighting
  7554 | D:6      | Killed Natasha
  7612 | D:6      | Noticed Natasha
  7621 | D:6      | Killed Natasha
  7646 | D:6      | Found Ila Liev's Antique Weapon Emporium.
  7661 | D:6      | Noticed Natasha
  7665 | D:6      | Killed Natasha
  7716 | D:6      | Found a shadowy altar of Dithmenos.
  7875 | D:6      | Killed Pikel
  7875 | D:6      | Reached skill level 11 in Fighting
  7875 | D:6      | Reached skill level 10 in Maces & Flails
  7875 | D:6      | Reached XP level 9. HP: 101/105 MP: 9/9
  8083 | D:6      | Noticed Crazy Yiuf
  8090 | D:6      | Killed Crazy Yiuf
  8580 | D:7      | Acquired Makhleb's second power
  8794 | D:7      | Noticed a cyclops
  8840 | D:7      | Killed a cyclops
  9484 | D:8      | Reached skill level 5 in Dodging
  9590 | D:8      | Reached XP level 10. HP: 112/114 MP: 10/10
 10226 | D:8      | Acquired Makhleb's third power
 10509 | D:9      | Reached skill level 5 in Throwing
 11331 | D:9      | Acquired Makhleb's fourth power
 11512 | D:9      | Reached skill level 1 in Invocations
 12467 | D:9      | Noticed a centaur warrior
 12480 | D:9      | Killed a centaur warrior
 12816 | D:10     | Entered Level 10 of the Dungeon
 12817 | D:10     | Reached XP level 11. HP: 122/122 MP: 21/21
 12924 | D:10     | Acquired Makhleb's fifth power
 13578 | D:10     | Reached skill level 12 in Fighting
 14006 | D:10     | Found a staircase to the Lair.
 14105 | Lair:1   | Entered Level 1 of the Lair of Beasts
 14270 | Lair:1   | Identified a scroll of acquirement
 14271 | Lair:1   | Got a steaming great mace
 14272 | Lair:1   | Identified the +9 great mace "Hell-Harrower" {freeze, Str+4} (You acquired it on level 1 of the Lair of Beasts)
 14360 | Lair:1   | Found a labyrinth entrance.
 14372 | Lab      | Entered a labyrinth
 14527 | Lab      | Reached skill level 13 in Fighting
 14664 | Lab      | Noticed a minotaur
 14671 | Lab      | Killed a minotaur
 14718 | Lab      | Identified a +5 rod of ignition (12/12) (You found it in a labyrinth)
 14723 | Lab      | Got a slimy trident
 14724 | Lab      | Identified the +5 trident of Resourcefulness {antimagic, rElec} (You found it in a labyrinth)
 15243 | D:9      | Reached XP level 12. HP: 107/136 MP: 24/24
 16074 | Lair:1   | Reached skill level 14 in Fighting
 16578 | Lair:1   | Got an iridescent dagger
 16598 | Lair:1   | Noticed Fannar
 16806 | Lair:1   | HP: 6/139 [ice beast[Fannar] (13)]
 17287 | Lair:1   | Noticed Harold
 17305 | Lair:1   | Killed Fannar
 17315 | Lair:1   | Killed Harold
 17702 | Lair:2   | Noticed a five-headed hydra
 17713 | Lair:2   | Killed a five-headed hydra
 17760 | Lair:2   | Noticed an eight-headed hydra
 17931 | Lair:2   | Killed an eight-headed hydra
 18248 | Lair:2   | Reached skill level 10 in Invocations
 18524 | Lair:2   | Noticed a seven-headed hydra
 18553 | Lair:2   | Quit the game

Action                   |  1- 3 |  4- 6 |  7- 9 | 10-12 || total
-------------------------+-------+-------+-------+-------++-------
Melee: Short sword       |    44 |       |       |       ||    44
       Mace              |    99 |    28 |       |       ||   127
       Flail             |       |    25 |     1 |       ||    26
       Giant club        |       |       |   223 |   216 ||   439
       Giant spiked club |       |       |       |   250 ||   250
       Great mace        |       |       |       |    64 ||    64
       Unarmed           |       |       |       |    17 ||    17
 Fire: Blowgun           |       |     7 |    24 |    30 ||    61
       Hunting sling     |       |       |     4 |       ||     4
Throw: Large rock        |     5 |    12 |     6 |    22 ||    45
       Stone             |    31 |    37 |   131 |   348 ||   547
       Tomahawk          |       |       |       |    27 ||    27
Invok: Lesser Servant of |       |       |       |    11 ||    11
       Greater Servant o |       |       |       |     2 ||     2
  Use: Scroll            |     3 |     1 |     7 |    15 ||    26
       Potion            |       |       |       |     2 ||     2
 Stab: Sleeping          |       |       |     5 |     3 ||     8
       Distracted        |       |       |       |     3 ||     3
  Eat: Chunk             |     6 |     3 |    14 |    24 ||    47
       Bread ration      |       |       |     1 |       ||     1
       Meat ration       |       |       |       |     1 ||     1
